 Dungeon Crawl Stone Soup version 0.30-a0-782-ge64f9170bb (webtiles) character file.

Game seed: 11966439519372149362

1464 mopl the Cleaver (level 8, -4/105 HPs)
             Began as a Hill Orc Gladiator on Mar 3, 2023.
             Splashed by a jelly's acid (7 damage)
             ... on level 6 of the Dungeon.
             The game lasted 00:05:51 (4685 turns).

mopl the Cleaver (Hill Orc Gladiator)               Turns: 4685, Time: 00:05:51

Health: -4/105     AC: -15   Str: 19    XL:     8   Next: 77%
Magic:  8/8        EV:  7    Int:  8    God:
Gold:   284        SH:  0    Dex: 12    Spells: 7/7 levels left

rFire   + . .      SeeInvis +    F - +4 hand axe
rCold   + . .      Faith    .    (no shield)
rNeg    . . .      Spirit   .    z - +0 plate armour
rPois   .          Reflect  .    c - +0 helmet
rElec   .          Harm     .    G - scarf {rC+ rF+}
rCorr   .          Rampage  .    (no gloves)
Will    .....                    o - +2 pair of boots Stlth
                                 (no amulet)
HPRegen 0.37/turn                w - ring of see invisible
MPRegen 0.11/turn                (no ring)

@: berserking, corroded, very quick
A: no striking features
a: no special abilities


You were on level 6 of the Dungeon.
You visited 1 branch of the dungeon, and saw 6 of its levels.
You also visited: Sewer.

You collected 284 gold pieces.

Inventory:

Hand Weapons
 a - a +0 war axe
 F - a +4 hand axe (weapon)
Missiles
 d - 3 throwing nets
 e - 4 javelins
 h - 3 poisoned darts (quivered)
 k - 6 curare-tipped darts
 y - 6 atropa-tipped darts
 I - a boomerang
Armour
 c - a +0 helmet (worn)
 o - a +2 pair of boots (worn)
 z - a +0 plate armour (worn)
 G - a scarf of resistance (worn)
Jewellery
 w - a ring of see invisible (left hand)
 B - a ring of fire
Scrolls
 b - a scroll of fear {unknown}
 g - a scroll of acquirement {unknown}
 n - 4 scrolls of noise {unknown}
 p - 2 scrolls of magic mapping {unknown}
 q - 6 scrolls of blinking {unknown}
 r - 6 scrolls of enchant weapon {unknown}
 s - a scroll of immolation {unknown}
 t - a scroll of brand weapon {unknown}
 x - a scroll of butterflies {unknown}
 C - 2 scrolls of fog {unknown}
 E - a scroll of amnesia {unknown}
 H - 2 scrolls of teleportation {unknown}
Potions
 f - 2 potions of cancellation
 i - 2 potions of resistance
 j - a potion of brilliance
 l - a potion of lignification {!q}
 m - 5 potions of flight
 v - a potion of invisibility
 A - 2 potions of curing
 D - a potion of haste


   Skills:
 + Level 5.6 Fighting
 * Level 9.0 Axes
 + Level 4.2 Throwing
 + Level 4.3 Armour
 + Level 4.3 Dodging


You had 7 spell levels left.
You didn't know any spells.
Your spell library contained the following spells:

 Spells                   Type           Power      Damage    Failure   Level
 Magic Dart               Conj           0%         1d3       100%        1
 Slow                     Hex            0%         N/A       100%        1
 Call Imp                 Summ           0%         N/A       100%        2
 Cigotuvi's Dreadful Rot  Necr/Pois/Air  0%         N/A       100%        2
 Poisonous Vapours        Pois/Air       0%         N/A       100%        2
 Sublimation of Blood     Necr           0%         N/A       100%        2
 Wereblood                Tmut           0%         N/A       100%        2
 Confusing Touch          Hex            0%         N/A       100%        3
 Mephitic Cloud           Conj/Pois/Air  0%         N/A       100%        3
 Vampiric Draining        Necr           0%         2d6       100%        3
 Summon Hydra             Summ           0%         N/A       100%        7


Dungeon Overview and Level Annotations

Branches:
Dungeon (6/15)              Sewer (visited)
 Temple: D:4-7

Altars:
Kikubaaqudgha
Makhleb
Trog
Yredelemnul


Message History

You hear an angry hiss.
The hound closely misses you. The jelly barely misses you.
The jelly hits you but does no damage. The hound bites you.
You hit the hound but do no damage.
The hound is almost dead.
You hit the jelly but do no damage. The acid corrodes you!
Your hands burn!
You hit the jelly.
Your hands burn!
The jelly barely misses you. The jelly hits you. The acid corrodes you!
You are splashed with acid!
The hound bites you.
You are too injured to fight recklessly!
You are too injured to fight recklessly!
You hit the jelly but do no damage. The acid corrodes you!
Your hands burn!
You hit the jelly but do no damage. The acid corrodes you!
Your hands burn!
You miss the hound. The hound barely misses you. The jelly closely misses you.
A black bear comes into view.
The jelly barely misses you.
The howler monkey hoots and howls with incredible vigour!
You hear an angry growl.
You hear a shout! x4
The black bear growls angrily.
You hit the jelly but do no damage. The acid corrodes you!
Your hands burn!
You hit the hound but do no damage. You hit the jelly but do no damage.
Your hands burn!
* * * LOW HITPOINT WARNING * * *
The hound bites you.
* * * LOW HITPOINT WARNING * * *
The howler monkey hoots and howls with incredible vigour!
The jelly completely misses you. The jelly hits you.
* * * LOW HITPOINT WARNING * * *
The acid corrodes you!
You are splashed with acid.
* * * LOW HITPOINT WARNING * * *
You hear an angry hiss. x3; You hear a shout!
You hear a howl!
Really quaff
u - a potion of berserk rage {!q}?
A red film seems to cover your vision as you go berserk!
You feel yourself moving faster!
You feel mighty! The hound closely misses you. The hound bites you.
* * * LOW HITPOINT WARNING * * *
The jelly hits you.
* * * LOW HITPOINT WARNING * * *
The acid corrodes you!
You are splashed with acid!
You die...

#...... ..
#..#.. #h..
#...#.#...#
....#h..#
#..(....
#.#l..#
##Jh#.# ..
#.@J.#...#
#.#
#..........
#.#
#..#######.
#.# ##(#
#.#
#.#######.
#.#
#.........
# #.#
#.#.######
###. #
##.#######
#.#.#
....###
...!.....##
#.#.#
......


You could see a black bear, a howler monkey (catching breath), an iguana, a
hound and 2 jellies.

Vanquished Creatures
  A boulder beetle (D:6)
  An ice beast (D:5)
  An ogre (D:5)
  A kobold brigand (D:5)
  A bullfrog (D:6)
  A necrophage (D:4)
  3 scorpions
  2 iguanas (D:5)
  An orc wizard (D:6)
  3 gnolls
  9 adders
  3 river rats (Sewer)
  3 worms (Sewer)
  A dart slug (D:1)
  13 orcs
  11 ball pythons
  4 endoplasms
  4 giant cockroaches
  8 goblins
  4 hobgoblins
  7 jackals
  6 quokkas
  7 bats
  5 frilled lizards
  16 kobolds
  5 rats
121 creatures vanquished.

Notes
Turn   | Place    | Note
-------+----------+-------------------------------------------
     0 | D:1      | mopl the Hill Orc Gladiator began the quest for the Orb.
     0 | D:1      | Reached XP level 1. HP: 18/18 MP: 1/1
    64 | D:1      | Reached XP level 2. HP: 16/25 MP: 2/2
   302 | D:1      | Reached skill level 1 in Armour
   306 | D:1      | Reached skill level 2 in Throwing
   314 | D:1      | Reached XP level 3. HP: 15/30 MP: 3/3
   923 | D:2      | Found a burning altar of Makhleb.
  1020 | D:2      | Reached skill level 3 in Fighting
  1338 | D:2      | Found a faded altar of an unknown god.
  1513 | D:3      | Reached XP level 4. HP: 35/38 MP: 4/4
  1553 | D:3      | Reached skill level 5 in Axes
  2129 | D:4      | Reached XP level 5. HP: 35/45 MP: 5/5
  2248 | D:4      | Reached skill level 2 in Armour
  2248 | D:4      | Reached skill level 3 in Dodging
  2945 | D:5      | Entered Level 5 of the Dungeon
  2950 | D:5      | Reached skill level 6 in Axes
  2950 | D:5      | Reached XP level 6. HP: 46/52 MP: 6/6
  3075 | D:5      | Noticed an ice beast
  3090 | D:5      | Killed an ice beast
  3091 | D:5      | Reached skill level 4 in Fighting
  3324 | D:5      | Reached skill level 3 in Throwing
  3324 | D:5      | Reached XP level 7. HP: 22/59 MP: 7/7
  3597 | D:5      | Reached skill level 7 in Axes
  3597 | D:5      | Reached skill level 3 in Armour
  3923 | D:6      | Found a glowing drain.
  3942 | Sewer    | Entered a sewer
  4595 | D:6      | Found an ancient bone altar of Kikubaaqudgha.
  4595 | D:6      | Found a basalt altar of Yredelemnul.
  4595 | D:6      | Found a bloodstained altar of Trog.
  4604 | D:6      | Reached XP level 8. HP: 55/67 MP: 8/8
  4639 | D:6      | Noticed a boulder beetle
  4662 | D:6      | Killed a boulder beetle
  4663 | D:6      | Reached skill level 5 in Fighting
  4663 | D:6      | Reached skill level 8 in Axes
  4663 | D:6      | Reached skill level 4 in Throwing
  4663 | D:6      | Reached skill level 4 in Armour
  4663 | D:6      | Reached skill level 4 in Dodging
  4675 | D:6      | Reached skill level 9 in Axes
  4685 | D:6      | HP: 3/105 [jelly (3)]
  4685 | D:6      | Splashed by a jelly's acid

Illustrated notes

Levels and vault maps discovered:
D:1:      lemuel_arrival_funnel, layout_rooms
D:2:      layout_basic, basic_altar, chequers_ecumenical_altar_lobes
D:3:      layout_rooms, nicolae_concentric_dashed_squares_mild
D:4:      layout_loops_ring, st_stairs_8
D:5:      layout_rooms, minmay_misc_feat_rows, nicolae_figureground_pulse
D:6:      cheibrodos_fzero, layout_loops_ring,
          mainiacjoe_overflow_concentric_impassable,
          gammafunk_temple_overflow_claw, temple_doors_ab,
          cheibrodos_sewer_entry_drain, minmay_crystal_water

Skill      XL: |  1  2  3  4  5  6  7  8 |
---------------+-------------------------+-----
Armour         | 1 2 3 4 |  4.3
Throwing       | 2 3 4 |  4.2
Fighting       | 3 4 5 |  5.6
Axes           | 5 6 7 9 |  9.0
Dodging        | 3 4 |  4.3

Action                     |  1- 3 |  4- 6 |  7- 9 || total
---------------------------+-------+-------+-------++-------
  Melee: War axe           |   111 |   118 |   165 ||   394
         Punch             |       |     2 |     1 ||     3
         Hand axe          |       |       |     6 ||     6
  Throw: Dart              |       |     1 |     8 ||     9
    Use: Scroll            |       |     6 |     4 ||    10
         Potion            |       |       |     1 ||     1
 Armour: Leather armour    |    35 |       |       ||    35
         Scale mail        |    20 |       |       ||    20
         Chain mail        |       |    31 |       ||    31
         Plate armour      |       |    42 |   116 ||   158
  Dodge: Dodged            |   112 |    44 |    65 ||   221

Table legend: (Time is in decaauts)
 A = Elapsed time spent in this place.
 B = Non-inter-level travel time spent in this place.
 C = Inter-level travel time spent in this place.
 D = Time resting spent in this place.
 E = Time spent auto-exploring this place.
 F = Levels seen in this place.
 G = Mean time per level.
                   A        B        C        D        E       F      G
               +--------+--------+--------+--------+--------+-----+--------+
         Total |   4924 |   4762 |    162 |    467 |   3207 |   7 |  703.4 |
       Dungeon |   4215 |   4053 |    162 |    467 |   2731 |   6 |  702.5 |
         Sewer |    708 |    708 |      0 |      0 |    476 |   1 |  708.0 |
               +--------+--------+--------+--------+--------+-----+--------+

Top non-repeatable levels by time:
     D:5: 964 daAuts
     D:2: 885 daAuts
     D:4: 838 daAuts
   Sewer: 708 daAuts
     D:3: 690 daAuts
     D:1: 581 daAuts
     D:6: 255 daAuts
